AoeStats
← Imperador Snow

Arabia

509641548Analyzed
1v1 RM · 4d ago on Sep 27, 2026· 45m 10s· 2 players
Game mode
Random Map
Map size
Tiny (2 player)
Population
200
Speed
Normal
Resources
Standard
Victory
Conquest
Starting age
Dark Age
Ending age
Imperial Age
RankedLock teamsTeams togetherTeam positionsShared explorationLock speedFull tech treeHidden civsTurbo modeCheats
Victory
Defeat
🇨🇿 Varangians · Czechia
1108
+17
🇧🇷 Varangians · Brazil
1121
-17
AogiriTree
9:52 Loom
11:54 Feudal Age
12:52 Double-Bit Axe
12:57 Horse Collar
15:30 Wheelbarrow
19:39 Castle Age
19:29 Forging
19:37 Fletching
20:00 Gold Mining
20:22 Scale Barding Armor
20:31 Bloodlines
23:10 Iron Casting
23:12 Husbandry
23:38 Bow Saw
23:31 Heavy Plow
32:41 Town Watch
37:22 Hand Cart
42:16 Stone Mining
45:00 Imperial Age
44:03 Chain Barding Armor
45:09 Elite Jarl
Imperador Snow
5:58 Loom
9:06 Feudal Age
9:35 Double-Bit Axe
13:54 Horse Collar
20:30 Castle Age
19:19 Scale Mail Armor
19:25 Scale Barding Armor
19:33 Forging
19:19 Gold Mining
20:49 Bloodlines
20:36 Light Cavalry
22:06 Bow Saw
23:42 Chain Barding Armor
23:59 Heavy Plow
25:04 Husbandry
26:02 Iron Casting
29:32 Stone Mining
33:33 Wheelbarrow
32:44 Town Watch
33:16 Vendel Legacy
35:58 Hand Cart
Connection lost

Rejoining the realm…

Still unreachable

The connection could not be restored.

Session expired

The server has moved on; the page needs a fresh start.